 Dungeon Crawl Stone Soup version 0.15-b1-129-g6fffc38 (console) character file.

399 Perunasaurus the Cudgeler (level 6, -1/30 HPs)
             Began as a Vine Stalker Conjurer on Aug 28, 2014.
             Succumbed to a worker ant's poison
             ... on Level 4 of the Dungeon.
             The game lasted 00:13:36 (3364 turns).

Perunasaurus the Cudgeler (Vine Stalker Conjurer)   Turns: 3364, Time: 00:13:36

HP  -1/30        AC  6     Str 11      XL: 6   Next: 84%
MP   1/12        EV  9     Int 15      God:
Gold 207         SH  0     Dex 16      Spells:  3 memorised,  3 levels left

rFire  . . .     SeeInvis .     a - +0 whip
rCold  . . .     Clarity  .     k - +0 ring mail
rNeg   . . .     rCorr    .     (no shield)
rPois  .         rRot     +     (no helmet)
rElec  .         Spirit   +     (no cloak)
SustAb .         Warding  .     (no gloves)
rMut   +         Stasis   .     j - +0 pair of boots {aux}
Gourm  .                        q - amulet of resist mutation
MR     .....                    (no ring)
                                (no ring)

@: confused, lethally poisoned, flying, very slightly contaminated, invisible,
not resistant to hostile enchantments, extremely unstealthy
A: fangs 2, regeneration 2, magic shield, antimagic bite, no device heal 3, rot
immunity
a: no special abilities


You were on level 4 of the Dungeon.
You were not hungry.

You visited 1 branch of the dungeon, and saw 4 of its levels.

You collected 207 gold pieces.


Innate Abilities, Weirdness & Mutations

You have extremely sharp teeth.
You heal very quickly.
When hurt, damage is shared between your health and your magic reserves.
Your bite disrupts and absorbs the magic of your enemies.
Potions and wands cannot restore your health.
You are immune to rotting.


   Skills:
 - Level 2.0 Fighting
 + Level 5.5 Maces & Flails
 - Level 1.7 Dodging
 - Level 2.4 Stealth
 - Level 2.1 Spellcasting
 - Level 4.0 Conjurations


You had 3 spell levels left.
You knew the following spells:

 Your Spells              Type           Power        Failure   Level  Hunger
a - Magic Dart            Conj           ##..         10%         1    #......
b - Searing Ray           Conj           ##....       12%         2    ###....
c - Dazzling Spray        Conj/Hex       #.......     50%         3    ####...

Inventory:

Hand weapons
 a - a +0 whip (weapon)
 b - a +0 blowgun
 i - a +0 mace
Missiles
 e - 144 stones (quivered)
 s - 4 javelins {=f}
 v - 3 needles of sleeping
 B - 2 poisoned needles
 C - 7 needles of paralysis
Armour
 j - a +0 pair of boots (worn) {aux}
 k - a +0 ring mail (worn)
Comestibles
 h - 2 meat rations {!e}
 w - a rotting chunk of orc flesh {!e}
 x - 2 bread rations {!e}
 A - a chunk of iguana flesh {!e}
 D - a chunk of orc flesh {!e}
 F - 2 beef jerkies {!e}
Scrolls
 d - 3 scrolls of remove curse {!r}
 g - a scroll of blinking {!r, unknown}
 o - a scroll of enchant weapon {!r, unknown}
 p - 2 scrolls of magic mapping {!r}
 y - a scroll of enchant armour {!r, unknown}
 H - a scroll of fog {!r, unknown}
Jewellery
 q - an amulet of resist mutation (around neck)
Potions
 l - a potion of magic {!q}
 m - a potion of restore abilities {!q}
 r - a potion of cancellation {!q}
 z - a potion of porridge {!q!e}
Books
 c - a book of Conjurations

   Spells                             Type                      Level
   *Magic Dart                        Conjuration                  1
   *Searing Ray                       Conjuration                  2
   *Dazzling Spray                    Conjuration/Hexes            3
   Fulminant Prism                    Conjuration/Hexes            4
   Iskenderun's Mystic Blast          Conjuration                  4
   Iskenderun's Battlesphere          Conjuration/Charms           5


Message History

Ye fade inta invisibility!
It was a potion o' invisibility {!q}.
* * * LOW HITPOINT WARNIN'
* * * Ye feel sick.
Tha worker ant bites ye but does nay damage.
Tha worker ant barely misses ye.
Ye be very lightly contaminated wit' residual magic.
Drink which item? (? fer menu, 'sc ta quit) Re'lly quaff
u - a sedimn'ted blue potion {!q}?
Ye feel very buoyant.
Ye fly up inta tha air.
It was a potion o' flight {!q}.
* * * LOW HITPOINT WARNIN'
* * * Ye feel sick.
Tha worker ant closely misses ye.
Unknown command.
Drink which item? (? fer menu, 'sc ta quit) Okay, than.
Ye ar'n't carryin' any items tha can be evoked.
Yer too confused!
Yer too confused!
Ye die...

....... ... ...o ........
......#.. ...# ..##... ..........
.... .###..## .......... ....
.##....### ###.......... ......
.##......###.....................
.#...............................
.....# #........................
....## ##.....a™................
.....##.#........................
...#..#..........................
..###............................
...##............................
.................................
.................................
.................................
....#..........................##


You could see a worker ant.

Vanquished Creatures
  An ogre (D:3)
  A hound (D:4)
  An iguana (D:4)
  A worker ant (D:4)
  2 orc wizards
  5 adders
  4 gnolls
  2 worms
  A giant gecko (D:1)
  An ooze (D:4)
  8 orcs
  4 ball pythons
  6 giant cockroaches
  8 hobgoblins
  16 kobolds
  4 quokkas
  10 bats
  5 giant newts
  7 goblins
  9 rats
96 creatures vanquished.

Notes
Turn   | Place    | Note
--------------------------------------------------------------
     0 | D:1      | Perunasaurus, the Vine Stalker Conjurer, began the quest for the Orb.
     0 | D:1      | Reached XP level 1. HP: 9/9 MP: 3/3
   160 | D:1      | Reached skill level 1 in Fighting
   193 | D:1      | Reached XP level 2. HP: 14/14 MP: 1/5
   241 | D:1      | Learned a level 2 spell: Searing Ray
   608 | D:2      | Reached XP level 3. HP: 18/18 MP: 2/7
   693 | D:2      | Learned a level 3 spell: Dazzling Spray
   719 | D:2      | Reached skill level 1 in Maces & Flails
   910 | D:2      | Reached XP level 4. HP: 23/23 MP: 2/8
  1816 | D:2      | Found a deep blue altar of Sif Muna.
  1904 | D:3      | Reached skill level 3 in Maces & Flails
  2098 | D:3      | Reached XP level 5. HP: 23/26 MP: 2/11
  2302 | D:4      | Noticed an ogre
  2459 | D:3      | Killed an ogre
  2742 | D:4      | Gained mutation: You heal very quickly. [vine stalker growth]
  2742 | D:4      | Reached XP level 6. HP: 18/30 MP: 4/12
  3127 | D:4      | Reached skill level 5 in Maces & Flails
  3360 | D:4      | HP: 6/30 [poisoned by a worker ant]
  3362 | D:4      | HP: 1/30 [poisoned by a worker ant]
  3364 | D:4      | Succumbed to a worker ant's poison

Vault maps used:
D:1:      evilmike_arrival_plus
D:2:      lemuel_upstairs_altar, first_bread

Action                   |  1- 3 |  4- 6 || total
-------------------------+-------+-------++-------
Melee: Unarmed           |    21 |       ||    21
       Short sword       |    32 |       ||    32
       Whip              |    29 |   149 ||   178
 Fire: Blowgun           |       |     6 ||     6
 Cast: Magic Dart        |    69 |    98 ||   167
  Use: Scroll            |     4 |     3 ||     7
       Potion            |       |     5 ||     5
  Eat: Chunk             |     1 |    10 ||    11
